Map: Abyssal Reef LE

Players

SamuraiFunn

  • Race: Protoss Protoss
  • Spawn Location: 5:00

A.I. 1 (Elite) - Winner!

  • Race: Zerg Zerg
  • Spawn Location: 11:00

VOD

Have the link to the VOD?

Description

Time

  • Played on: Nov. 24, 2017, 5:24 p.m.
  • Length: 17:29
Show
View Real Time Build Order
Export as new Build Order

SamuraiFunn Protoss 

Build Orders: 1 Gate Expand 

Get SALT Encoding   

  12  0:01  Probe  
  13  0:13  Probe  
  14  0:21  Pylon  
  14  0:25  Probe  
  15  0:39  Probe  
  16  0:47  Gateway  
  16  0:51  Probe  
  16  0:55  Assimilator  
  17  1:03  Probe  
  18  1:18  Pylon  
  18  1:27  Pylon  
  18  1:36  Cybernetics Core  
  18  1:41  Probe, Nexus  
  19  1:47  Assimilator  
  19  1:53  Probe  
  20  2:04  Gateway  
  20  2:06  Zealot  
  22  2:10  Probe  
  23  2:30  Probe  
  23  2:35  Pylon  
  24  2:40  Adept  
  26  2:45  Probe  
  27  2:56  Probe  
  27  2:57  Probe, Robotics Facility  
  29  3:05  Twilight Council  
  29  3:11  Zealot  
  31  3:18  Probe x2  
  33  3:32  Assimilator  
  33  3:40  Warp Gate (Chrono Boost)  
  33  3:41  Robotics Facility  
  33  3:49  Zealot x2  
  37  4:00  Immortal  
  41  4:07  Pylon  
  41  4:12  Probe x2  
  43  4:21  Assimilator  
  43  4:24  Probe x2  
  45  4:34  Immortal  
  45  4:36  Probe  
  50  4:49  Probe x2  
  52  4:58  Immortal  
  56  5:02  Gateway, Charge (Chrono Boost)  
  56  5:13  Pylon  
  56  5:15  Probe x2  
  58  5:29  Probe x2  
  58  5:32  Zealot x2  
  64  5:37  Immortal  
  68  5:53  Pylon  
  68  5:57  Pylon  
  68  5:59  Probe x2  
  70  6:11  Immortal  
  70  6:16  Forge  
  70  6:17  Forge  
  70  6:18  Zealot x3  
  78  6:23  Immortal  
  84  6:45  Nexus  
  84  7:09  Pylon  
  84  7:10  Probe x2, Pylon  
  84  7:12  Pylon  
  86  7:27  Probe x2, Immortal  
  92  7:36  Zealot x2  
  92  7:37  Zealot  
  98  7:40  Immortal  
  102  7:45  Pylon x2  
  102  7:47  Pylon  
  102  7:50  Assimilator  
  102  7:51  Probe x2  
  104  7:57  Assimilator  
  104  8:13  Immortal  
  104  8:15  Zealot x3  
  104  8:18  Protoss Ground Weapons Level 1 (Chrono Boost)  
  104  8:19  Protoss Ground Armor Level 1 (Chrono Boost), Immortal  
  118  8:27  Robotics Facility  
  118  8:34  Gateway x2  
  118  8:36  Probe x3  
  93  9:03  Zealot x3  
  93  9:08  Immortal x2  
  101  9:22  Probe x3  
  104  9:26  Stargate  
  104  9:29  Stargate  
  104  9:31  Stargate  
  104  9:34  Probe x3, Zealot x3  
  91  10:13  Immortal x3  
  103  10:15  Protoss Ground Weapons Level 2, Robotics Bay, Protoss Shields Level 1  
  103  10:27  Probe x2  
  103  10:28  Probe  
  106  10:37  Void Ray x2  
  114  10:57  Nexus  
  114  11:00  Assimilator  
  114  11:02  Zealot x5  
  124  11:04  Assimilator  
  124  11:08  Pylon  
  124  11:10  Pylon  
  124  11:11  Colossus  
  124  11:12  Pylon  
  130  11:25  Probe x3  
  133  11:27  Colossus  
  133  11:31  Colossus  
  149  11:55  Zealot x2  
  149  11:56  Zealot x3  
  139  12:09  Protoss Ground Armor Level 2  
  117  12:19  Colossus  
  117  12:22  Void Ray x2  
  123  12:28  Zealot x2  
  115  12:39  Immortal  
  119  13:02  Probe x4  
  119  13:04  Void Ray  
  127  13:07  Void Ray  
  131  13:15  Colossus x2  
  131  13:18  Zealot x3  
  149  13:51  Zealot x4  
  149  13:52  Zealot  
  149  13:55  Colossus  
  169  14:12  Probe x3, Pylon x2  
  169  14:14  Pylon  
  172  14:19  Void Ray  
  172  14:30  Probe, Void Ray  
  93  14:53  Void Ray  
  81  15:04  Pylon, Phoenix  
  79  15:12  Void Ray  
  95  15:14  Immortal x3  
  95  15:17  Stargate, Stalker  
  95  15:18  Stalker x4  
  95  15:19  Stargate  
  105  15:29  Phoenix  
  107  15:55  Void Ray  
  101  15:58  Stalker x5  
  75  16:18  Void Ray  
  71  16:30  Stalker  
  71  16:31  Stalker x3  
  63  16:48  Stalker  
  65  16:56  Gateway  
  65  16:58  Gateway  
  65  17:00  Gateway  
  64  17:19  Zealot x3  
  64  17:20  Zealot  
Show
View Real Time Build Order
Export as new Build Order

A.I. 1 (Elite) Zerg - Winner!

Build Orders: Pool First 

Get SALT Encoding   

  12  0:00  Drone  
  13  0:12  Overlord  
  13  0:16  Drone  
  14  0:30  Drone x2  
  16  0:43  Spawning Pool  
  16  0:45  Drone  
  17  0:50  Drone  
  17  1:14  Hatchery  
  17  1:15  Drone  
  17  1:18  Extractor  
  16  1:22  Drone  
  17  1:26  Drone  
  17  1:30  Drone  
  19  1:38  Overlord  
  19  1:49  Drone  
  20  1:54  Queen  
  20  2:00  Zergling x2  
  23  2:10  Drone  
  24  2:21  Drone  
  25  2:30  Queen  
  25  2:35  Roach Warren  
  26  2:39  Drone  
  26  2:42  Extractor  
  26  2:43  Drone  
  27  2:50  Overlord  
  27  2:53  Drone  
  27  2:57  Drone  
  29  3:00  Drone  
  29  3:03  Drone  
  32  3:05  Drone  
  32  3:08  Zergling x2  
  32  3:11  Zergling x2  
  34  3:16  Roach  
  36  3:21  Roach  
  36  3:25  Roach  
  40  3:28  Roach  
  40  3:30  Drone  
  40  3:33  Drone  
  44  3:38  Overlord  
  44  3:45  Lair  
  44  3:49  Metabolic Boost  
  44  3:54  Overlord  
  44  3:57  Zergling x2  
  44  4:00  Drone  
  44  4:01  Drone  
  46  4:04  Drone  
  46  4:06  Zergling x2  
  46  4:08  Zergling x2  
  49  4:11  Zergling x2  
  50  4:18  Drone, Evolution Chamber  
  50  4:23  Drone, Evolution Chamber  
  50  4:26  Drone  
  50  4:28  Drone  
  50  4:30  Drone  
  53  4:32  Drone  
  54  4:44  Zerg Missile Weapons Level 1  
  54  4:45  Hydralisk Den, Drone  
  54  4:49  Zerg Ground Armor Level 1  
  54  4:52  Overlord  
  54  4:55  Roach  
  54  4:58  Roach  
  58  5:10  Drone, Overlord  
  58  5:11  Roach  
  58  5:12  Extractor  
  58  5:13  Hydralisk, Drone  
  63  5:16  Hydralisk  
  63  5:19  Hydralisk  
  67  5:29  Drone x3, Overlord  
  67  5:31  Drone  
  67  5:33  Drone  
  67  5:35  Drone  
  73  5:37  Drone  
  73  5:40  Drone  
  75  5:47  Drone  
  76  5:50  Infestation Pit  
  76  5:51  Overlord  
  76  5:53  Drone  
  76  5:55  Drone  
  76  5:56  Drone  
  78  5:58  Drone  
  78  6:00  Drone  
  80  6:09  Roach, Overlord  
  82  6:11  Roach  
  82  6:18  Evolution Chamber  
  83  6:23  Drone, Spire  
  83  6:26  Hatchery, Infestor  
  84  6:33  Drone  
  84  6:39  Zerg Melee Weapons Level 1, Extractor  
  84  7:02  Drone x3, Overlord  
  84  7:04  Infestor  
  89  7:11  Overseer  
  89  7:12  Spine Crawler  
  89  7:13  Drone  
  89  7:15  Ravager  
  90  7:18  Roach  
  90  7:20  Spine Crawler  
  90  7:21  Drone  
  92  7:25  Ravager  
  92  7:27  Roach, Overlord  
  95  7:35  Mutalisk  
  95  7:36  Mutalisk  
  99  7:38  Drone x2  
  99  7:39  Drone x5  
  99  7:40  Drone x3  
  109  7:45  Mutalisk  
  109  7:46  Drone, Overlord  
  109  7:48  Drone  
  109  7:51  Drone x4, Extractor  
  115  7:52  Drone  
  117  7:59  Drone, Extractor  
  117  8:02  Drone  
  117  8:03  Drone  
  119  8:09  Overlord  
  120  8:12  Drone  
  120  8:14  Drone  
  120  8:18  Hydralisk x2, Drone  
  126  8:20  Drone  
  126  8:22  Hydralisk, Zerg Missile Weapons Level 2  
  129  8:27  Mutalisk  
  129  8:28  Drone x2, Spore Crawler, Overlord  
  129  8:31  Drone  
  133  8:34  Mutalisk  
  133  8:38  Mutalisk  
  137  8:45  Spore Crawler  
  137  8:46  Drone, Overlord  
  136  8:49  Zergling x2  
  136  8:50  Zergling x6  
  136  8:53  Zergling x2  
  136  8:54  Zergling x6  
  139  8:57  Hydralisk  
  139  9:01  Roach  
  129  9:03  Roach  
  129  9:08  Roach  
  117  9:11  Roach  
  117  9:14  Roach  
  121  9:18  Infestor  
  121  9:21  Hydralisk x3  
  121  9:22  Infestor  
  131  9:24  Hydralisk  
  131  9:25  Roach, Overlord  
  131  9:26  Roach  
  131  9:30  Roach  
  139  9:34  Roach  
  139  9:35  Hydralisk  
  143  9:40  Mutalisk  
  143  9:42  Queen, Spine Crawler  
  143  9:43  Queen  
  143  9:44  Overlord  
  143  9:46  Zergling x2  
  143  9:49  Spine Crawler  
  143  9:51  Spine Crawler  
  143  9:52  Zergling x2  
  136  9:53  Hydralisk x2, Zergling x2  
  136  9:54  Ravager  
  136  9:55  Roach  
  136  9:56  Hydralisk  
  136  9:57  Hydralisk, Zergling x2  
  136  9:58  Roach  
  136  9:59  Hatchery  
  150  10:03  Hydralisk, Ravager  
  154  10:07  Zergling x2, Overlord  
  154  10:13  Hydralisk  
  156  10:16  Zerg Ground Armor Level 2  
  156  10:22  Glial Reconstitution  
  156  10:29  Pneumatized Carapace, Spore Crawler  
  156  10:31  Spore Crawler  
  156  10:34  Spine Crawler  
  153  10:38  Queen  
  155  10:48  Spore Crawler  
  154  10:50  Spine Crawler  
  154  10:53  Spore Crawler  
  154  10:55  Spore Crawler  
  151  11:00  Mutalisk  
  153  11:06  Zerg Melee Weapons Level 2, Mutalisk  
  153  11:07  Zergling x2  
  156  11:12  Drone x3  
  156  11:13  Drone x4, Overlord  
  156  11:14  Drone x3  
  156  11:15  Overseer, Drone  
  156  11:17  Extractor  
  156  11:18  Hydralisk, Drone x2, Hatchery  
  167  11:19  Overseer  
  167  11:20  Hydralisk  
  171  11:32  Overlord  
  171  11:40  Spine Crawler  
  171  11:41  Drone  
  171  11:44  Mutalisk  
  171  11:46  Extractor  
  172  11:47  Hydralisk x2, Drone  
  172  11:50  Hydralisk  
  179  11:57  Roach x2  
  179  11:58  Roach x2  
  187  12:06  Infestor  
  189  12:09  Hydralisk  
  189  12:10  Corruptor x2  
  189  12:11  Hive  
  189  12:12  Zergling x4  
  189  12:14  Zergling x2  
  182  12:21  Roach  
  158  12:24  Hydralisk, Zergling x8  
  158  12:26  Hydralisk  
  158  12:28  Hydralisk  
  147  12:30  Roach  
  147  12:31  Roach  
  147  12:32  Roach  
  147  12:33  Roach  
  147  12:35  Hydralisk  
  154  12:40  Corruptor  
  156  12:44  Corruptor  
  156  12:46  Extractor  
  156  12:48  Drone  
  156  12:49  Corruptor  
  160  12:54  Corruptor, Extractor  
  160  12:55  Drone  
  160  12:58  Corruptor  
  162  13:03  Corruptor  
  166  13:07  Corruptor  
  168  13:14  Infestor  
  170  13:22  Drone, Spine Crawler  
  170  13:23  Zerg Missile Weapons Level 3  
  170  13:24  Greater Spire, Drone, Spine Crawler  
  170  13:31  Zerg Melee Weapons Level 3  
  170  13:32  Roach  
  170  13:33  Roach  
  174  13:34  Hydralisk  
  174  13:35  Hydralisk  
  174  13:37  Hydralisk  
  174  13:41  Corruptor  
  180  13:45  Corruptor  
  184  13:48  Corruptor  
  184  13:54  Queen  
  188  14:04  Spore Crawler  
  188  14:05  Drone  
  188  14:06  Roach  
  188  14:08  Roach  
  188  14:09  Spore Crawler  
  192  14:10  Drone  
  192  14:13  Spine Crawler  
  192  14:14  Drone  
  192  14:20  Spine Crawler  
  192  14:21  Drone  
  192  14:23  Infestor  
  194  14:24  Spore Crawler  
  194  14:26  Drone  
  194  14:28  Tunneling Claws, Infestor x2  
  194  14:31  Hydralisk, Roach, Infestor  
  197  14:32  Hydralisk, Viper  
  197  14:33  Zergling x2  
  197  14:35  Hydralisk, Zergling x4, Roach  
  197  14:36  Hydralisk  
  197  14:37  Hydralisk  
  187  14:39  Hydralisk  
  187  14:41  Hatchery  
  187  14:45  Roach  
  158  14:47  Roach  
  158  14:49  Roach  
  158  14:50  Drone  
  158  14:51  Zergling x2  
  162  14:53  Hydralisk  
  162  14:55  Hydralisk  
  162  15:02  Zergling x2, Brood Lord  
  164  15:07  Brood Lord  
  164  15:08  Brood Lord x2  
  164  15:12  Brood Lord  
  172  15:16  Brood Lord  
  174  15:23  Zergling x4  
  176  15:41  Spine Crawler  
  176  15:42  Drone  
  176  15:43  Spine Crawler  
  176  15:44  Drone  
  176  15:47  Queen  
  178  15:50  Infestor  
  178  15:52  Zergling x2  
  178  15:53  Zergling x6  
  178  15:56  Zergling x2, Roach  
  182  16:01  Zergling x4, Roach  
  184  16:09  Roach  
  182  16:11  Roach  
  182  16:12  Pathogen Glands  
  182  16:15  Queen  
  182  16:17  Infestor  
  185  16:20  Roach  
  185  16:24  Drone, Spore Crawler  
  185  16:28  Spore Crawler  
  185  16:29  Drone  
  185  16:30  Spore Crawler  
  185  16:31  Drone  
  185  16:33  Viper  
  188  16:40  Infestor x2  
  188  16:41  Roach, Ravager  
  188  16:44  Ravager  
  188  16:46  Roach  
  198  16:51  Hatchery  
  198  16:53  Drone  
  198  16:56  Spore Crawler  
  198  16:58  Drone  
  198  17:03  Baneling Nest  
  198  17:04  Drone  
Tags
 
Add a new tag
Caveats
  • Supply blocks, unpowered buildings, or Contaminate may cause inaccurate times.
  • Supply counts are checked every 10 seconds.